 Dungeon Crawl Stone Soup version 0.31-a0-152-g6aa68a64a1 (webtiles) character file.

Game seed: 6958137434798832007

88 qw the Shooter (level 4, -3/40 HPs)
             Began as a Naga Hunter on June 10, 2023.
             Slain by Robin
             ... wielding a +3 trident of holy wrath
              (6 damage)
             ... on level 2 of the Dungeon.
             The game lasted 00:00:30 (1347 turns).

qw the Shooter (Naga Hunter)                        Turns: 1347, Time: 00:00:31

Health: -3/40      AC:  2    Str: 19    XL:     4   Next: 53%
Magic:  4/4        EV:  9    Int: 10    God:
Gold:   106        SH:  0    Dex: 16    Spells: 3/3 levels left

rFire   . . .        Y - +0 shortbow
rCold   . . .        (shield currently unavailable)
rNeg    . . .        c - +0 leather armour
rPois   +            (no helmet)
rElec   .            (no cloak)
rCorr   .            (no gloves)
SInv    +            (no barding)
Will    .....        (no amulet)
Stlth   ++           g - +6 ring of strength
HPRegen 0.26/turn    (no ring)
MPRegen 0.09/turn

%: no passive effects
@: short of breath, very slow
A: AC +1, large, see invisible, deformed body, poison resistance, slowness 2,
spit poison 1, naga tail 1
a: Spit Poison


You were on level 2 of the Dungeon.
You visited 1 branch of the dungeon, and saw 2 of its levels.

You collected 106 gold pieces.


Innate Abilities, Weirdness & Mutations

Your serpentine skin is tough. (AC +1)
You have supernaturally acute eyesight. (SInv)
Armour fits poorly on your strangely shaped body.
Your system is resistant to poisons. (rPois)
You cover ground very slowly.
You can spit poison.
You have a snake-like lower body.


   Skills:
 + Level 2.7 Fighting
 - Level 5.0 Ranged Weapons
 - Level 1.5 Dodging
 - Level 1.5 Stealth


You had 3 spell levels left.
You didn't know any spells.
Your spell library was empty.

Inventory:

Hand Weapons
 Y - a +0 shortbow (weapon)
Armour
 c - a +0 leather armour (worn)
Jewellery
 g - a +6 ring of strength (left hand)
Scrolls
 d - a scroll of identify {unknown}
Potions
 a - a potion of curing {unknown}
 b - a potion of brilliance {unknown}
 e - a potion of attraction {unknown}
 i - a potion of cancellation {unknown}

Dungeon Overview and Level Annotations

Branches:
Dungeon (2/15)

Altars:

Annotations:
D:2 Robin


Message History

The goblin hits you with a +0 dagger.
You shoot an arrow. The arrow barely misses the goblin.
You hear a shout!
The goblin hits you with a +0 dagger. x2
You shoot an arrow. The arrow closely misses the goblin.
The arrow hits the goblin.
You kill the goblin!
Robin hits you from afar with a +3 trident of holy wrath.
The goblin hits you with a +0 dagger. x2
You shoot an arrow. The arrow hits the goblin.
The goblin is moderately wounded.
The goblin no longer looks unusually strong.
Robin misses you. The goblin hits you with a +0 dagger.
The goblin hits you but does no damage.
You shoot an arrow. The arrow barely misses the goblin.
The goblin no longer looks unusually strong.
The goblin hits you with a +0 dagger. x2
You shoot an arrow. The arrow barely misses the goblin.
The arrow hits the hobgoblin.
The hobgoblin is severely wounded.
You have got your breath back.
The hobgoblin no longer looks unusually strong.
The goblin closely misses you. The goblin hits you with a +0 dagger.
Robin roars a battlecry!
The goblins go into a battle-frenzy!
The goblin closely misses you. The goblin hits you with a +0 dagger.
1345 ||| INVOKING Spit Poison.
Aiming: Spit Poison (1% risk of failure)
Press: ? - help, Shift-Dir - straight line, f/p - goblin The splash of poison hits the goblin!
The goblin is poisoned.
You kill the goblin!
Robin throws the goblin at you! The goblin hits you with a +0 club.
The goblin hits you but does no damage.
You shoot an arrow. The arrow closely misses the goblin.
The arrow barely misses the hobgoblin.
The goblin barely misses you. The goblin hits you with a +0 dagger.
You shoot an arrow. The arrow hits the goblin!
You kill the goblin!
Robin hits you from afar with a +3 trident of holy wrath.
You die...

.....#.#..# #.# ####.#.##.#
#.# ## #.#.# ..
########.#####.# .# #.#.# .#
#..............# .#
#.#.###+#####.######..####.#
.# #.# .g.g...#.#............#
.###.# ...g.g.#.##.###.#######
.....# .gg.gg.#.#.....).......
###### .ggg...#@#..##.#######.
### #ggg)#.......#<..# ..#
........g#.....#.#.#.#
..#############..#.#.#.#.###.#
..'..........................#
..#########........#.###.#####
...# #.......>........# ...#
#..............#+## ...#
#.......####......#


You could see Robin, 2 hobgoblins and a goblin (strong).

Vanquished Creatures
  3 adders (D:2)
  2 worms (D:2)
  6 ball pythons
  4 bats
  4 endoplasms
  3 giant cockroaches
  12 goblins
  6 hobgoblins
  2 frilled lizards (D:1)
  4 kobolds
  6 rats
52 creatures vanquished.

Notes
Turn   | Place    | Note
-------+----------+-------------------------------------------
     0 | D:1      | qw the Naga Hunter began the quest for the Orb.
     0 | D:1      | Reached XP level 1. HP: 19/19 MP: 1/1
     0 | D:1      | 0 ||| qw: Version: 0.2-a-122-gbc61b45
     0 | D:1      | 0 ||| qw: Game counter: 3638
     0 | D:1      | 0 ||| qw: Always use a shield: true
     0 | D:1      | 0 ||| qw: God list: Okawaru
     0 | D:1      | 0 ||| qw: Allow faded altars: false
     0 | D:1      | 0 ||| qw: Do Orc after D:15 true
     0 | D:1      | 0 ||| qw: Do second Lair branch before Depths: true
     0 | D:1      | 0 ||| qw: Lair rune preference: random
     0 | D:1      | 0 ||| qw: Plans: Normal
     0 | D:1      | 0 ||| PLANNING D:1-11
    93 | D:1      | 93 ||| INVOKING Spit Poison.
    98 | D:1      | 98 ||| INVOKING Spit Poison.
   174 | D:1      | 174 ||| INVOKING Spit Poison.
   211 | D:1      | 211 ||| INVOKING Spit Poison.
   214 | D:1      | 214 ||| INVOKING Spit Poison.
   239 | D:1      | 239 ||| INVOKING Spit Poison.
   240 | D:1      | Reached skill level 4 in Ranged Weapons
   240 | D:1      | Reached XP level 2. HP: 26/26 MP: 2/2
   305 | D:1      | 305 ||| INVOKING Spit Poison.
   317 | D:1      | 317 ||| INVOKING Spit Poison.
   324 | D:1      | 324 ||| INVOKING Spit Poison.
   331 | D:1      | 331 ||| INVOKING Spit Poison.
   348 | D:1      | 348 ||| INVOKING Spit Poison.
   353 | D:1      | 353 ||| INVOKING Spit Poison.
   359 | D:1      | 359 ||| INVOKING Spit Poison.
   419 | D:1      | 419 ||| INVOKING Spit Poison.
   441 | D:1      | 441 ||| INVOKING Spit Poison.
   486 | D:1      | 486 ||| INVOKING Spit Poison.
   492 | D:1      | 492 ||| INVOKING Spit Poison.
   496 | D:1      | 496 ||| INVOKING Spit Poison.
   497 | D:1      | Reached XP level 3. HP: 32/32 MP: 3/3
   500 | D:1      | 500 ||| INVOKING Spit Poison.
   730 | D:1      | 730 ||| INVOKING Spit Poison.
   734 | D:1      | 734 ||| UPGRADING to +6 ring of strength.
   735 | D:1      | 735 ||| READING scroll labelled HOGYDGHUSEK.
   736 | D:1      | 736 ||| READING scroll labelled QEITAR GAGG.
   737 | D:1      | 737 ||| READING scroll labelled WEPHOW IZUS.
   794 | D:1      | 794 ||| DROPPING scroll of butterflies.
   835 | D:2      | 835 ||| INVOKING Spit Poison.
   912 | D:2      | 912 ||| INVOKING Spit Poison.
   922 | D:2      | 922 ||| INVOKING Spit Poison.
   949 | D:2      | 949 ||| INVOKING Spit Poison.
   954 | D:2      | 954 ||| INVOKING Spit Poison.
   958 | D:2      | 958 ||| INVOKING Spit Poison.
   996 | D:2      | 996 ||| INVOKING Spit Poison.
  1115 | D:2      | 1115 ||| INVOKING Spit Poison.
  1119 | D:2      | Reached skill level 5 in Ranged Weapons
  1119 | D:2      | Reached XP level 4. HP: 39/39 MP: 4/4
  1146 | D:2      | 1146 ||| INVOKING Spit Poison.
  1155 | D:2      | 1155 ||| INVOKING Spit Poison.
  1185 | D:2      | 1185 ||| INVOKING Spit Poison.
  1243 | D:2      | 1243 ||| INVOKING Spit Poison.
  1248 | D:2      | 1248 ||| INVOKING Spit Poison.
  1251 | D:2      | 1251 ||| INVOKING Spit Poison.
  1331 | D:2      | Noticed Robin
  1332 | D:2      | 1332 ||| Stepping ~*~*~tactically~*~*~ (outnumbered).
  1333 | D:2      | 1333 ||| INVOKING Spit Poison.
  1339 | D:2      | 1339 ||| INVOKING Spit Poison.
  1343 | D:2      | HP: 10/40 [goblin/+0 dagger[Robin] (3)]
  1345 | D:2      | 1345 ||| INVOKING Spit Poison.
  1346 | D:2      | HP: 3/40 [goblin/+0 dagger[Robin] (3)]
  1347 | D:2      | Slain by Robin

Levels and vault maps discovered:
D:1:      minmay_arrival_widening_spiral_wide, layout_basic
D:2:      layout_basic, uniq_robin

Skill      XL: |  1  2  3 |
---------------+----------+-----
Ranged Weapons | 4 5 |  5.0
Fighting       | |  2.7
Dodging        | |  1.5
Stealth        | |  1.5

Action                     |  1- 3 |  4- 6 || total
---------------------------+-------+-------++-------
   Fire: Shortbow          |    56 |    31 ||    87
Ability: Spit Poison       |    28 |     9 ||    37
    Use: Scroll            |     3 |       ||     3
 Armour: Leather armour    |    11 |     5 ||    16
  Dodge: Dodged            |    23 |     7 ||    30

Table legend:
 A = Non-vault XP
 B = Vault XP
 C = Vault XP percentage of total XP
 D = Non-vault monster count
 E = Vault monster count
 F = Vault count percentage of total count
                 A         B        C        D         E       F
            +---------+---------+-------+---------+---------+-------
      Total |     114 |      13 |  10.2 |      45 |       7 |  13.5
            +---------+---------+-------+---------+---------+-------
        D:1 |      38 |       0 |   0.0 |      26 |       0 |   0.0
        D:2 |      76 |      13 |  14.6 |      19 |       7 |  26.9
            +---------+---------+-------+---------+---------+-------
